 Dungeon Crawl Stone Soup version 0.31-a0-344-gd109795599 (webtiles) character file.

Game seed: 15212967350243613903

272 arthad the Shield-Bearer (level 6, -2/39 HPs)
             Began as a Gargoyle Fighter on July 21, 2023.
             Killed by divine providence
             ... invoked by an orc priest
              (14 damage)
             ... on level 3 of the Dungeon.
             The game lasted 00:03:00 (1826 turns).

arthad the Shield-Bearer (Gargoyle Fighter)         Turns: 1826, Time: 00:03:00

Health: -2/39      AC: 14    Str: 22    XL:     6   Next: 23%
Magic:  6/6        EV:  9    Int:  8    God:
Gold:   103        SH:  4    Dex:  9    Spells: 5/5 levels left

rFire   . . .        a - +0 flail
rCold   . . .        c - +0 buckler
rNeg    + . .        p - +3 scale mail
rPois   ∞            (no helmet)
rElec   +            (no cloak)
rCorr   .            (no gloves)
SInv    .            (no boots)
Will    .....        (no amulet) Stlth
                     (no ring)
HPRegen 0.26/turn    (no ring)
MPRegen 0.10/turn

%: no passive effects
@: no status effects
A: sickness immunity, AC +4, negative energy resistance 1, electricity
resistance, torment resistance 1, petrification resistance
a: no special abilities


You were on level 3 of the Dungeon.
You visited 1 branch of the dungeon, and saw 3 of its levels.

You collected 103 gold pieces.

Inventory:

Hand Weapons
 a - a +0 flail (weapon)
Missiles
 o - 9 poisoned darts
Armour
 b - a +0 scale mail
 c - a +0 buckler (worn)
 p - a +3 scale mail (worn)
Wands
 q - a wand of flame (9)
Scrolls
 f - a scroll of teleportation {unknown}
 g - 3 scrolls of identify {unknown}
 h - 2 scrolls of vulnerability {unknown}
 j - a scroll of noise {unknown}
 n - a scroll of enchant armour {unknown}
Potions
 d - a potion of heal wounds {unknown}
 e - a potion of berserk rage {unknown}
 i - 2 potions of mutation {unknown}
 k - a potion of curing {unknown}
 l - a potion of lignification {unknown}
 m - a potion of enlightenment {unknown}


   Skills:
 + Level 4.6 Fighting
 + Level 3.6 Maces & Flails
 + Level 4.6 Armour
 + Level 4.6 Shields


You had 5 spell levels left.
You didn't know any spells.
Your spell library contained the following spells:

 Spells                   Type           Power      Damage    Failure   Level
 Summon Guardian Golem    Hex/Summ       0%         N/A       98%         3
 Orb of Destruction       Conj           0%         9d5       100%        7
 Spellforged Servitor     Conj/Summ      0%         N/A       100%        7


Dungeon Overview and Level Annotations

Branches:
Dungeon (3/15)

Altars:
Trog

Shops:
D:2 (?=


Innate Abilities, Weirdness & Mutations

You are immune to sickness and miasma.
Your stone body is resilient. (AC +4)
You are immune to poison.
You resist negative energy. (rN+)
You are resistant to electric shocks. (rElec)
You are resistant to unholy torment.
You are immune to petrification.


Message History

The orc priest hits you but does no damage.
You barely miss the orc priest.
The orc priest is severely wounded.
The orc priest hits you with a +0 mace.
You closely miss the orc priest.
The orc priest is severely wounded.
The orc priest hits you with a +0 mace.
You barely miss the orc priest.
The orc priest is severely wounded.
The orc priest barely misses you. The orc priest closely misses you.
You closely miss the orc priest.
The orc priest is severely wounded.
The orc priest closely misses you.
You hit the orc priest but do no damage.
The orc priest is severely wounded.
The orc priest barely misses you.
You barely miss the orc priest.
The orc priest is severely wounded.
The orc priest hits you but does no damage.
You barely miss the orc priest.
The orc priest is severely wounded.
The orc priest barely misses you. x2
You closely miss the orc priest.
The orc priest is severely wounded.
The orc priest hits you with a +0 mace.
* * * LOW HITPOINT WARNING * * *
You barely miss the orc priest.
The orc priest is severely wounded.
You block the orc priest's attack.
You barely miss the orc priest.
The orc priest is severely wounded.
The orc priest begins to cast a cantrip, but forgets the words!
You closely miss the orc priest.
The orc priest is severely wounded.
The orc priest hits you but does no damage. x2
You barely miss the orc priest.
The orc priest is severely wounded.
The orc priest calls down the wrath of Beogh upon you.
Beogh smites you!
You die...

#. .##.###
....... #.....
#....o #...oo
#..o..## ##o# #
# ##@#.##.
####.###.###..
#.......#.#.###
#.##.##.##.####
#.#........#
#.##...#.#>##.#
#..........# #
#.......####
######...####.#


You could see an orc priest.

Vanquished Creatures
  Sigmund (D:2)
  Jessica (D:2)
  3 adders
  A worm (D:2)
  3 dart slugs
  3 orcs (D:3)
  4 endoplasms
  3 giant cockroaches
  4 goblins
  4 hobgoblins
  6 jackals (D:1)
  2 quokkas (D:1)
  5 ball pythons
  2 bats (D:1)
  3 frilled lizards
  A kobold (D:1)
  3 rats
49 creatures vanquished.

Notes
Turn   | Place    | Note
-------+----------+-------------------------------------------
     0 | D:1      | arthad the Gargoyle Fighter began the quest for the Orb.
     0 | D:1      | Reached XP level 1. HP: 14/14 MP: 1/1
    61 | D:1      | Reached XP level 2. HP: 19/19 MP: 2/2
   244 | D:1      | Reached XP level 3. HP: 23/23 MP: 3/3
   752 | D:2      | Found Woysof's Magic Scroll Shoppe.
   813 | D:2      | Found a bloodstained altar of Trog.
   891 | D:2      | Noticed Sigmund
   924 | D:2      | Killed Sigmund
   925 | D:2      | Reached XP level 4. HP: 4/30 MP: 4/4
   925 | D:2      | Reached XP level 5. HP: 5/34 MP: 5/5
  1325 | D:2      | Noticed Jessica
  1337 | D:2      | Killed Jessica
  1338 | D:2      | Reached XP level 6. HP: 38/39 MP: 6/6
  1440 | D:2      | Found Voxathrym's Jewellery Shop.
  1511 | D:2      | Found Miuw's Weapon Boutique.
  1706 | D:3      | Found a faded altar of an unknown god.
  1826 | D:3      | Killed from afar by an orc priest

Illustrated notes

Levels and vault maps discovered:
D:1:      roderic_dead_forest, layout_basic
D:2:      layout_loops_corners, basic_altar, serial_shops, shop, shop_scrolls,
          nicolae_shop_stone, uniq_sigmund, uniq_jessica
D:3:      layout_loops_cross, nicolae_ru_great_annihilating_truth,
          chequers_ecumenical_altar_simple_redux

Skill      XL: |  1  2  3 |
---------------+----------+-----
Fighting       | 4 |  4.6
Maces & Flails | 3 |  3.6
Armour         | 4 |  4.6
Shields        | 4 |  4.6

Action                     |  1- 3 |  4- 6 || total
---------------------------+-------+-------++-------
  Melee: Flail             |   137 |    77 ||   214
    Use: Potion            |     1 |       ||     1
 Armour: Scale mail        |    69 |    43 ||   112
  Dodge: Dodged            |    81 |    29 ||   110
  Block: Buckler           |    45 |    12 ||    57

Table legend: (Time is in decaauts)
 A = Elapsed time spent in this place.
 B = Non-inter-level travel time spent in this place.
 C = Inter-level travel time spent in this place.
 D = Time resting spent in this place.
 E = Time spent auto-exploring this place.
 F = Levels seen in this place.
 G = Mean time per level.
                   A        B        C        D        E       F      G
               +--------+--------+--------+--------+--------+-----+--------+
         Total |   1888 |   1856 |     32 |    118 |   1299 |   3 |  629.3 |
       Dungeon |   1888 |   1856 |     32 |    118 |   1299 |   3 |  629.3 |
               +--------+--------+--------+--------+--------+-----+--------+

Top non-repeatable levels by time:
     D:2: 1053 daAuts
     D:1: 694 daAuts
     D:3: 140 daAuts
